Cogmind - Beta 16 @@@ ROGUE MODE // 2025.12.02 @ 01:10:50 Player: Cracklepappy Result: Destroyed by 7K-YO5(R) with Subdweller Shrapnel Launcher Performance ------------- Evolutions (0) 0 Regions Visited (2) 400 Robots Destroyed (41) 205 Value Destroyed (868) 868 Prototype IDs (14) 280 Alien Tech Used (0) 0 Bonus (-179) -179 TOTAL SCORE: 1574 Bonus ------- Friendly Fire -179 Cogmind --------- Core Integrity 0/250 Matter 218/300 Energy 100/100 System Corruption 0% Temperature Cool (0) Movement Treading (480) Ox4 Location -10/Subcaves Parts ------- > --- POWER (1) -------- (None) > --- PROPULSION (2) --- Light Treads > --- UTILITY (2) ------ Huge Storage Unit > --- WEAPON (2) ------- Shotgun Shotgun > --- INVENTORY (25) --- Ion Engine Subdweller Power Source Meta Core Wheel Wheel Wheel Wheel Compact Wheel Large Matter Pod (150) Structural Scanner Machine Analyzer Seismic Detector Medium Armor Plating Hacking Suite EM Shotgun Riot Gun Subdweller Laser Shotgun Light Cannon Light Cannon Mini Grenade Launcher Datajack Mining Laser Plasma Cutter Peak State ------------ > --- POWER ------------ Ion Engine > --- PROPULSION ------- Light Treads Light Treads > --- UTILITY ---------- Huge Storage Unit Medium Armor Plating > --- WEAPON ----------- Riot Gun Shotgun > --- INVENTORY -------- Ion Engine Subdweller Power Source Meta Core Wheel Wheel Wheel Wheel Compact Wheel Large Matter Pod Structural Scanner Machine Analyzer Seismic Detector Medium Armor Plating Hacking Suite EM Shotgun Subdweller Laser Shotgun Shotgun Shotgun Light Cannon Light Cannon Mini Grenade Launcher Datajack Mining Laser Plasma Cutter [Rating: 16] Favorites ----------- Power Ion Engine Engine Ion Engine Propulsion Light Treads Treads Light Treads Wheel Compact Wheel Utility Huge Storage Unit Device Seismic Detector Storage Huge Storage Unit Protection Medium Armor Plating Weapon Shotgun Energy Gun EM Shotgun Ballistic Gun Shotgun Ballistic Cannon Light Cannon Special Weapon Mining Laser Special Melee Weapon Datajack Build | -11 -10 -10 ------- Run | Yrd Mat Sub Slots Evolved . | . . . Power . | . . . Propulsion . | . . . Utility . | . . . Weapon . | . . . Parts Attached 38 | 7 19 12 Power 3 | 1 2 . Engine 3 | 1 2 . Core . | . . . Reactor . | . . . Propulsion 9 | 2 4 3 Treads 5 | . 2 3 Leg . | . . . Wheel 4 | 2 2 . Hover . | . . . Flight . | . . . Utility 7 | 2 4 1 Device 2 | 1 1 . Storage 3 | 1 2 . Processor . | . . . Hackware . | . . . Protection 2 | . 1 1 Artifact . | . . . Weapon 19 | 2 9 8 Energy Gun 7 | . 2 5 Energy Cannon . | . . . Ballistic Gun 7 | 2 2 3 Ballistic Cannon 2 | . 2 . Launcher . | . . . Special Weapon 2 | . 2 . Impact Weapon . | . . . Slashing Weapon . | . . . Piercing Weapon . | . . . Special Melee Weapon 1 | . 1 . Unidentified Prototypes . | . . . Parts Lost 10 | . 3 7 Power 1 | . . 1 Propulsion 2 | . 1 1 Utility 2 | . 1 1 Weapon 5 | . 1 4 Highest Loss Streak 4 | . 1 4 To Critical Strikes . | . . . Average Backups 23 | 4 22 24 Power 1 | . 1 1 Propulsion 5 | 2 4 5 Utility 5 | . 4 5 Weapon 9 | 1 9 8 Tool/Special . | . . . Unused Backups 30 | . 14 16 Power 4 | . 2 2 Propulsion 5 | . 2 3 Utility 9 | . 2 7 Weapon 10 | . 7 3 Tool/Special 2 | . 1 1 Average Slot Usage (%) 99 | . 99 99 Engine 13 | . 14 13 Treads 18 | . 8 26 Wheel 9 | . 19 1 Device 5 | . 11 . Storage 14 | . 14 14 Protection 8 | . 2 13 Energy Gun 5 | . 4 5 Ballistic Gun 15 | . 9 20 Ballistic Cannon 6 | . 11 1 Peak Build Rating 16 | 7 11 16 Average Rating 11 | 6 9 13 On Entrance 6 | . 7 11 Avg Prop Armor Cover (%) . | . . . Naked Turns . | . . . Heaviest Build 98 | 13 98 98 Greatest Support 40 | 32 40 40 Greatest Overweight (x) 5 | . 5 3 Average Overweight (x) 2 | . 2 2 Largest Inventory Capacity 25 | 8 25 25 Average Capacity 24 | 7 23 25 Most Carried 25 | 8 25 25 Average Carried 23 | 4 22 24 Final Capacity 25 | 8 25 25 Final Carried 25 | 8 25 24 Class Distribution -------------------- 84% | Mutant 15% | Scavenger-Mutant Dominant Class ---------------- Mutant | -10/Materials Mutant | -10/Subcaves Resources | -11 -10 -10 ----------- Run | Yrd Mat Sub Matter Collected 1497 | 336 820 341 Remotely . | . . . Salvage Created 1375 | 211 603 561 Parts 94 | 23 49 22 Haulers Intercepted 2 | . 2 . Recyclers Shooed . | . . . Parts Field Recycled . | . . . Retrieved Matter . | . . . Parts Self-Destructed 19 | . . 19 Prevented 2 | . . 2 Parts Restored . | . . . Kills | -11 -10 -10 ------- Run | Yrd Mat Sub Combat Hostiles Destroyed 23 | . 11 12 Guns 16 | . 7 9 Cannons 2 | . 2 . AOE 1 | . 1 . Classes Destroyed 11 | 3 5 3 Worker 5 | 2 3 . Tunneler 6 | 5 1 . Hauler 2 | . 2 . Recycler 1 | 1 . . Operator 1 | . 1 . Watcher 3 | . 3 . Swarmer 6 | . 3 3 Grunt 10 | . 8 2 Sentry 1 | . . 1 Artisan 2 | . . 2 Subdweller 6 | . . 6 Best Kill Streak 6 | 6 4 3 Combat Bots Only 3 | . 3 3 Max Kills in Single Turn 2 | 2 1 2 Gunslinging 1 | . . 1 Exploded 1 | . 1 . Melee . | . . . Uniques/NPCs Destroyed . | . . . Combat | -11 -10 -10 -------- Run | Yrd Mat Sub Hostile Shots Fired 109 | . 41 68 Missed 28 | . 9 19 Hits 81 | . 32 49 Projectile 81 | . 32 49 AOE 10 | . . 10 Critical Strikes 2 | . 1 1 Damage Taken 1784 | . 417 1367 Core 266 | . 29 237 Absorbed by Shields . | . . . Regen/Repaired (Parts) 119 | . 119 . Core Remaining (%) 100 | 100 . . Volleys Fired 145 | 11 77 57 Largest 2 | 2 2 2 Hottest 100 | 40 100 100 Shots Fired 264 | 22 138 104 Gun 223 | 22 104 97 Cannon 24 | . 22 2 Launcher . | . . . Special 17 | . 12 5 Kinetic 157 | 22 89 46 Thermal 17 | . 12 5 Explosive . | . . . Electromagnetic 90 | . 37 53 Robot Hit Streak 12 | 5 8 12 Robot Miss Streak 6 | 1 6 5 Penetration Max . | . . . Secondary Targets 1 | . . 1 Max Gunslinging Chain 1 | . . 1 Shots Hit Robots 169 | 15 70 84 Core Hits 68 | 9 29 30 Critical Kills . | . . . Critical Parts Destroyed . | . . . Critical Strikes 2 | . 2 . Corrupt 2 | . 2 . Melee Attacks . | . . . Impact . | . . . Slashing . | . . . Piercing . | . . . Sneak Attacks . | . . . Combat Hostiles . | . . . Follow-up Attacks . | . . . Damage Inflicted 2657 | 194 1155 1308 Guns 2208 | 194 808 1206 Cannons 192 | . 192 . Explosions 257 | . 155 102 Melee . | . . . Ramming . | . . . Kinetic 1400 | 194 670 536 Thermal 257 | . 155 102 Explosive . | . . . Electromagnetic 1000 | . 330 670 Impact . | . . . Slashing . | . . . Piercing . | . . . Highest Corruption . | . . . Average Corruption . | . . . Corruption Purged . | . . . Corruption Blocked . | . . . Overload Shots . | . . . Overflow Damage 16 | . 16 . Projectiles . | . . . Explosions 16 | . 16 . Melee . | . . . Knockbacks 2 | . 2 . Impact . | . . . Kinetic 2 | . 2 . Secondary . | . . . Self-Inflicted Damage 98 | . . 98 Shots 2 | . . 2 Rammed . | . . . Targets Rammed . | . . . Kicked . | . . . Crushed . | . . . Highest Temperature 135 | . 135 5 Average Temperature 42 | . 44 3 Received Heat Transfer 360 | . 234 126 Siege Activations . | . . . Martial Activations . | . . . Shielding Activations . | . . . Robots Disrupted . | . . . Combat Hostiles . | . . . Robots Corrupted 4 | . 1 3 Combat Hostiles 4 | . 1 3 Parts Fried 11 | . . 11 Impact Corruptions . | . . . Robots Melted . | . . . Combat Hostiles . | . . . Parts Melted . | . . . Heat Transferred 300 | . 150 150 Parts Sabotaged . | . . . Parts Stolen . | . . . Parts Stripped . | . . . Power Chain Reactions 4 | . 2 2 Alert | -11 -10 -10 ------- Run | Yrd Mat Sub Maximum Alert Level . | . . . Low Security (%) 100 | 100 100 . Level 1 . | . . . Level 2 . | . . . Level 3 . | . . . Level 4 . | . . . Level 5 . | . . . High Security . | . . . Max Security . | . . . Peak Influence 71 | 15 71 . Initial . | . . . Average 12 | 3 13 . Influence Increases 654 | 40 474 140 Destroy 0b10 Robot/C 340 | . 220 120 Destroy 0b10 Robot/NC 90 | 40 50 . Destroy Leader 70 | . 50 20 Successful Hack 33 | . 33 . Select Force Hacks 60 | . 60 . Disable Machine 15 | . 15 . Destroy Structure 16 | . 16 . Lose Combat Pursuer 30 | . 30 . Influence Decreases 654 | 40 418 196 Entered New Map 28 | . . 28 Time Decay 596 | 40 388 168 Lost Part 30 | . 30 . Squads Dispatched 2 | . 2 . Investigation 2 | . 2 . Extermination . | . . . Reinforcement . | . . . Assault . | . . . Garrison . | . . . Intercept . | . . . Searches Triggered . | . . . Construction Impeded . | . . . Haulers Reinforced . | . . . Active Scanning Responses . | . . . Cargo Convoy Interrupts . | . . . Stealth | -11 -10 -10 --------- Run | Yrd Mat Sub Distress Signals 1 | . 1 . Communications Jammed . | . . . Distress Signals . | . . . Times Spotted 39 | . 25 14 Peak Tracking Total 3 | . 3 3 Tactical Retreats 3 | . 2 1 Traps | -11 -10 -10 ------- Run | Yrd Mat Sub Traps Triggered . | . . . Indirectly . | . . . Trap Hack Attempts 17 | . 17 . Triggered . | . . . Disarmed 1 | . 1 . Reprogrammed 1 | . 1 . Reused . | . . . Traps Extracted . | . . . Installed . | . . . Triggered . | . . . Machines | -11 -10 -10 ---------- Run | Yrd Mat Sub Machines Disabled 4 | . 1 3 Max in Single Turn 2 | . 1 2 Machines Repaired . | . . . Machines Dismantled 1 | . 1 . Machines Sabotaged . | . . . Overloaded Fab Kills . | . . . Hacking | -11 -10 -10 --------- Run | Yrd Mat Sub Machines Accessed 13 | . 11 2 Terminals 8 | . 8 . Fabricators . | . . . Repair Stations 1 | . 1 . Recycling Units 2 | . 2 . Scanalyzers . | . . . Garrison Access . | . . . Total Hacks 37 | . 31 6 Successful 19 | . 13 6 Failed 18 | . 18 . Catastrophic 3 | . 3 . Database Lockouts . | . . . Manual 22 | . 22 . Terminals 23 | . 23 . Fabricators . | . . . Repair Stations 3 | . 3 . Recycling Units 5 | . 5 . Scanalyzers . | . . . Garrison Access . | . . . Terminal Hacks 8 | . 2 6 Record 5 | . . 5 Robot Schematic 1 | . 1 . Prototype ID Bank 1 | . 1 . Proto ID Catalog 1 | . . 1 Fabricator Hacks . | . . . Repair Station Hacks 2 | . 2 . Scan Component 1 | . 1 . Repair 1 | . 1 . Recycling Unit Hacks 1 | . 1 . Retrieve Components 1 | . 1 . Scanalyzer . | . . . Garrison Access Hacks . | . . . Unauthorized Hacks 8 | . 8 . Terminals 6 | . 6 . Operators 1 | . 1 . Skim 5 | . 5 . Fabricators . | . . . Repair Stations . | . . . Recycling Units 2 | . 2 . Tunnel 2 | . 2 . Scanalyzers . | . . . Garrison Access . | . . . Data Cores Recovered 1 | . 1 . Used . | . . . Hacking Detections 10 | . 10 . Full Trace Events . | . . . Feedback Events . | . . . Feedback Blocked . | . . . Robot Schematics Acquired 1 | . 1 . Robots Built . | . . . Authchips . | . . . Time . | . . . Total Robot Build Rating . | . . . Part Schematics Acquired . | . . . Parts Built . | . . . Authchips . | . . . Time . | . . . Total Part Build Rating . | . . . Part Studies Acquired . | . . . Parts Repaired 1 | . 1 . Time 26 | . 26 . Parts Recycled . | . . . Recycled Matter . | . . . Retrieved Matter . | . . . Retrieved Components 3 | . 3 . Parts Scanalyzed . | . . . Part Schematics Acquired . | . . . Parts Damaged . | . . . Bothacking | -11 -10 -10 ------------ Run | Yrd Mat Sub Used RIF Installer . | . . . Robots Hacked . | . . . Non-combat . | . . . Combat . | . . . Robot Hacks Applied . | . . . Relay Couplers Released . | . . . Fabnet Peak Effective % . | . . . Robots Rewired . | . . . Allies Hacked . | . . . Hacks Repelled . | . . . Allies | -11 -10 -10 -------- Run | Yrd Mat Sub Total Allies . | . . . Largest Group . | . . . Highest-Rated Group . | . . . Highest-Rated Ally . | . . . Total Orders . | . . . Ally Attacks . | . . . Total Damage . | . . . Kills . | . . . Allies Corrupted . | . . . Allies Melted 1 | . . 1 Intel | -11 -10 -10 ------- Run | Yrd Mat Sub Active Infowar (turns) 1188 | 76 1112 . Seismic 1188 | 76 1112 . Robot Analysis Total . | . . . Derelict Logs Recovered 2 | . . 2 Drone Launches . | . . . Drone Recoveries . | . . . Exploration | -11 -10 -10 ------------- Run | Yrd Mat Sub Turns Passed 5773 | 143 2560 3070 Spaces Moved 2123 | 93 1103 927 Core 1 | 1 . . Treads 1041 | . 186 855 Legs . | . . . Wheels 1081 | 92 917 72 Hover . | . . . Flight . | . . . Fastest Speed 50 | 50 100 135 Average Speed 221 | 99 160 305 Slowest Speed 320 | 100 320 320 Overloaded Moves . | . . . Propulsion Burnouts . | . . . Robots Hopped . | . . . Potential Cave-ins . | . . . Cave-ins Triggered . | . . . Exploration Rate (%) 54 | 5 99 59 Regions Visited 2 Branch Regions 1 Pre-discovered Areas 4 | . 2 2 Known Exits Taken . | . . . Unknown Exits Taken 2 | 1 1 . Scrap Searched 2 | . . 2 Spaces Dug 6 | . 6 . Terrain Destroyed 26 | . 17 9 Melee . | . . . Projectile 10 | . 10 . AOE 16 | . 7 9 Terrain Rammed . | . . . Walls Destroyed . | . . . Machines Disabled . | . . . Actions | -11 -10 -10 --------- Run | Yrd Mat Sub Total 2879 | 118 1721 1040 Wait 430 | . 411 19 Move 2121 | 92 1102 927 Hop . | . . . Pick Up 57 | 8 42 7 Fast Attach 8 | 7 1 . Attach 7 | . 3 4 Detach . | . . . Swap 58 | . 36 22 Drop 30 | . 26 4 Fire 145 | 11 77 57 Melee . | . . . Ram . | . . . Kick . | . . . Crush . | . . . Escape Stasis . | . . . Rewire . | . . . Trap 17 | . 17 . Miscellaneous 6 | . 6 . Route ------- -11/Scrapyard -10/Materials (discovered 5 exits: [*Mat x3] / [*Min] / *Sub) -10/Subcaves (discovered 2 exits: *Mat x2) History --------- Turn | Location | Event 2 | -11/Scrapyard | Met Revision 17 19 | -11/Scrapyard | Discovered new exit (range 15) 144 | -11/Scrapyard | Entered Materials 189 | -10/Materials | Discovered new exit (range 16) 313 | -10/Materials | Build established: Mutant 392 | -10/Materials | Discovered new exit (range 15) 676 | -10/Materials | Discovered new exit (range 7) 1001 | -10/Materials | Discovered new exit (range 9) 1181 | -10/Materials | Discovered new exit (range 4) 1182 | -10/Materials | Build established: Scavenger-Mutant 1494 | -10/Materials | Repaired Lgt. Treads 1930 | -10/Materials | Learned 4 Subcaves zone layouts 1995 | -10/Materials | Learned Storage emergency access door positions 2048 | -10/Materials | Learned Storage emergency access door positions 2089 | -10/Materials | Learned 4 Recycling zone layouts 2119 | -10/Materials | Loaded intel: 2 recycling unit locations 2160 | -10/Materials | Learned Storage emergency access door positions 2217 | -10/Materials | Build established: Mutant 2704 | -10/Materials | Entered Subcaves 2704 | -10/Subcaves | Discovered new exit (range 11) 2705 | -10/Subcaves | Approached by a straggling Scientist 2705 | -10/Subcaves | Identified exit to Materials 2708 | -10/Subcaves | Learned location of Zion (-6) 2708 | -10/Subcaves | Met a Zionite searching for "candidates" 3069 | -10/Subcaves | Learned Materials non-interactive machine intel 3726 | -10/Subcaves | Shifting Twisted Machinery released Mak. Light Armor Plating 3760 | -10/Subcaves | Visited Clippyterm 3770 | -10/Subcaves | Learned location of Section 7 (-3) 3770 | -10/Subcaves | Learned Factory emergency access door positions 3796 | -10/Subcaves | Shifting Twisted Machinery released Sub. Laser 4182 | -10/Subcaves | Learned location of 1 exit from Materials 4682 | -10/Subcaves | Visited 4L-MR0's lab 4721 | -10/Subcaves | Found Meta Core 4752 | -10/Subcaves | Core integrity fell below 50% 4957 | -10/Subcaves | A swath of the cavern ceiling suddenly collapsed 5739 | -10/Subcaves | Ambushed by angry Subdweller bent on revenge 5771 | -10/Subcaves | Core integrity fell below 20% 5774 | -10/Subcaves | Destroyed by 7K-YO5(R) with Subdweller Shrapnel Launcher Last Messages --------------- 04846_ Lgt. Ion Engine fries itself beyond repair. 04846_ Acquired Machine Analyzer. 04847_ Acquired 26 matter. 04852_ Flight Unit fries itself beyond repair. 04854_ Dropped Lgt. Treads. 04854_ Acquired Wheel. 04870_ Subatomizers dissect the Tech Extrapolator. 04884_ Subatomizers dissect the Lgt. Ion Engine. A swath of the cavern ceiling suddenly collapses. 05141_ 4W-GZU(R) destroyed. 05153_ Acquired 42 matter. 05675_ TT-EC1(u) tweaks Twisted Machinery. 05736_ TT-EC1(u) cries out in pain. 05736_ TT-EC1(u) destroyed. 05739_ 7K-YO5(R) angrily emerges from the Twisted Machinery. 05739_ 7K-YO5(R): "SUBMAD!" 05746_ Ion Engine destroyed. 05755_ Shotgun destroyed. 05755_ Med. Armor Plating destroyed. 05763_ Lgt. Treads destroyed. Map ----- +----------------------------------------------------+ | #????# ###????????? ??????????????????????????? | | #????# #??????????????????????????????????????? | | #????# ###????????????????????????????????????? | | #????## ##???????????????????????????????????? | | #?????# #???????????????????????????????????? | | #?????# #???????????????????????????????????? | | ??????## ##??????????????????????????????????? | | #####?### #??????????????????????????????????? | | # ## ## ##??????????????????????????????????? | | # ### #???????????????????????????????????? | | ## ##?????? ????????????????????????????? | | # ##????## ????????????????????????????? | | ## # #??# #???????????????????????????? | | ## ## #### ######???"##???????????????? | | #### ####?# ##"" #??"" ##??????????????? | | #?## ##??# ##" ?? ""#?????????????? | | ## ##?# ## #??"""" ??????????????? | | ## ### #? #?# ???????????????? | | ?# ##? " #? ## #????????????????? | | ?## #??# #?# #?????????????????? | | ### #???? ### ;##????????????????? | | ##????# ;;#????????????????? | | #?????? ;#????????????????? | | # ########?# ;#????????????????? | | #### ## ### #????????????????? | | ???#### """" @ ;#????????????????? | | ????# " " R ##????????????????? | | ???#" ###" " ### ##?????????????????? | | ??#" #?######?# ####???????????????? | | ?# ??????? # ##??????????????? | | ?## #????? " #??????????????? | | ??#### ??? ""#" # #?????????????? | | ?????# ## ??### "#####""" ##? "???????????? | | ?????###?## ???## ""????## ""#??? " ????????? | | ???????????# ?????#""??????#" ""???? ""## ??????? | | ???????????? ?????#???????? #"##????? "#?????????? | | ????????????""???????????? ####???????"#?????????? | | ?????????????????????????#???????????????????????? | | ?????????????????????????????????????????????????? | | ?????????????????????????????????????????????????? | | ?????????????????????????????????????????????????? | | ?????????????????????????????????????????????????? | | ?????????????????????????????????????????????????? | | ?????????????????????????????????????????????????? | | ?????????????????????????????????????????????????? | | ?????????????????????????????????????????????????? | | ?????????????????????????????????????????????????? | | ?????????????????????????????????????????????????? | | ?????????????????????????????????????????????????? | | ?????????????????????????????????????????????????? | +----------------------------------------------------+ Best States ------------- Heat Dissipation 35 Energy Generation 10 Energy Capacity 250 Matter Stores 300 Matter Capacity 300 Sight Range 16 Terrain Scan Density 10 Armor Coverage 225 Evasion (%) 40 Recoil Reduction 2 Item Schematics ----------------- None Robot Schematics ------------------ M-13 Machinist | -10/Materials | Hacked Fabricated ------------ Nothing Repaired ---------- Lgt. Treads | 15% | -10/Materials Studied --------- None Alien Tech Used ----------------- None Achievements -------------- None Challenges ------------ None Game ------ Seed ChipEncryptedTendrils Manual? 0 Play Time 00:29:17 Cumulative 1366.4 hours Start 2025.12.02 @ 00:39:34 End 2025.12.02 @ 01:10:50 Sessions 1 Manual Loads 0 Difficulty Rogue Special Mode None Game No. 626 Rogue 626 Adventurer 0 Explorer 0 Win Type - Total 27 Types 13/5/3/0/1/1/2/2/0/0 Lore% 92 Gallery% 90 Achievement% 67 Wizard Run 0 Options --------- Layout 0 ASCII 0 Keyboard 0 Movement Numpad Keybinds 0 Fullscreen 2 Font 24/Smallcaps Map View 76x50 Zoom Use 0% Tactical HUD 1 Map Filters NONE Filters SHIFT_HUE(315) Steam 1 RUN: e992898f-3479-4cf1-8b96-a06e417f24a2